 Dungeon Crawl Stone Soup version 0.23-a0-644-gb60d84b635 (webtiles) character file.

426 LLavrengius the Sneak (level 6, 0/44 HPs)
             Began as an Octopode Fighter on Jan 1, 2019.
             Slain by an orc wizard
             ... wielding a +0 dagger
              (4 damage)
             ... on level 4 of the Dungeon.
             The game lasted 00:07:40 (2639 turns).

LLavrengius the Sneak (Octopode Fighter)            Turns: 2639, Time: 00:07:41

Health: 0/44       AC:  2    Str: 15    XL:     6   Next: 97%
Magic:  6/6        EV: 12    Int: 13    God:
Gold:   171        SH:  9    Dex: 11    Spells: 5/5 levels left

rFire    . . .     SeeInvis .   a - +0 long sword
rCold    . . .     Gourm    .   b - +0 shield
rNeg     . . .     Faith    .   n - +1 hat
rPois    .         Spirit   .   (no amulet)
rElec    .         Reflect  .   (no ring)
rCorr    .         Harm     .   (no ring)
MR       .....                  (no ring)
Stlth    ++++......             (no ring)
HPRegen  0.14/turn              (no ring)
MPRegen  0.10/turn              (no ring)
                                (no ring)
                                (no ring)

@: no status effects
A: almost no armour, stealthy swim, amphibious, 8 rings, constrict 8, camouflage
1, gelatinous body 1
a: no special abilities


You were on level 4 of the Dungeon.
You were not hungry.

You visited 1 branch of the dungeon, and saw 4 of its levels.

You collected 171 gold pieces.

Inventory:

Hand Weapons
 a - a +0 long sword (weapon)
 f - a +0 spear
 w - a +1 trident of piercing
 x - a +0 trident
 y - a +0 whip of venom
Armour
 b - a +0 shield (worn)
 n - a +1 hat (worn)
 o - a +0 large shield
Jewellery
 h - an uncursed ring of ice
Scrolls
 e - a scroll of remove curse
 k - 3 scrolls of identify
 p - a scroll of teleportation
 r - a scroll of immolation
 u - a scroll of enchant weapon {unknown}
Potions
 c - a potion of might
 g - a potion of heal wounds
 i - 2 potions of curing {unknown}
 j - a potion of lignification {unknown}
 l - a potion of berserk rage
 m - a potion of invisibility {unknown}
 q - 2 potions of resistance {unknown}
 s - a potion of agility {unknown}
 t - a potion of degeneration {unknown}
 z - 2 potions of magic {unknown}
Comestibles
 d - 4 rations
 v - 5 chunks of flesh


   Skills:
 + Level 4.5 Fighting
 + Level 4.0 Long Blades
 - Level 3.0 Dodging
 + Level 4.6 Stealth
 + Level 4.5 Shields


You had 5 spell levels left.
You didn't know any spells.
Your spell library was empty.

Dungeon Overview and Level Annotations

Branches:
Dungeon (4/15)
 Temple: D:4-7

Altars:
Makhleb
Qazlal


Innate Abilities, Weirdness & Mutations

You cannot wear most types of armour.
You are very stealthy in the water. (Stealth+)
You are amphibious.
You can wear up to eight rings at the same time.
You can use your tentacles to constrict eight enemies at once.
Your skin changes colour to match your surroundings (Stealth+).
Your rubbery body absorbs attacks. (AC +1, EV +1)


Message History

Your Long Blades skill increases to level 4!
You hit the orc. You grab the orc.
The orc is severely wounded.
You constrict the orc. You block the orc's attack.
Your shield prevents you from hitting the orc.
The orc is almost dead.
You constrict the orc.
You kill the orc!
Items here: )) [[ † a +0 club; a +0 robe; a +0 hand axe; a cursed +0 ring mail; an orc corpse You butcher the orc corpse.
v - 5 chunks of flesh (gained 2)
Items here: )) [[ ÷ a +0 club; a +0 robe; a +0 hand axe; a cursed +0 ring mail; an orc skeleton An orc wizard comes into view.
It is wielding a +0 dagger.
You barely miss the orc wizard.
The orc wizard shouts!
Your grab misses the orc wizard.
The orc wizard hits you with a +0 dagger.
You die...

.##....†..#.###.#.#.........# #..
.##....)..#..##.#.#.........###..
.##......###..#.#.#.......(......
.##......# ##.#.#.###..#....###..
###.....## #.#.#.# #..#.#..# #..
##....#####...#.# #..#.#..# ###
##...#...##..#.# #..#....#
#..##...###o#.###.....#.#
#...........@............
#.)##...####..........#.#
##.÷##.........<...#...#.#
#..[)...#####..##......#
#...##### #..###.##..# #....#
#..# #.# ..# #..#... #..# #.# ...
#..#..#. #..# .# .....# #. #..


You could see an orc wizard.

Vanquished Creatures
  A gnoll sergeant (D:4)
  3 orc wizards
  2 worker ants
  Natasha (thrice) (D:3)
  4 adders
  4 gnolls
  An ooze (D:2)
  A worm (D:2)
  A dart slug (D:2)
  3 leopard geckos
  11 orcs
  A ball python (D:3)
  5 bats
  2 giant cockroaches
  5 goblins
  3 hobgoblins (D:1)
  7 jackals
  2 quokkas (D:3)
  3 frilled lizards
  3 kobolds
  6 rats
71 creatures vanquished.

Notes
Turn   | Place    | Note
-------+----------+-------------------------------------------
     0 | D:1      | LLavrengius the Octopode Fighter began the quest for the
                  | Orb.
     0 | D:1      | Reached XP level 1. HP: 16/16 MP: 1/1
     2 | D:1      | Noticed a vampire
     2 | D:1      | Noticed an elf
     4 | D:1      | Noticed a naga
     4 | D:1      | Noticed a minotaur
     6 | D:1      | Noticed an octopode
     8 | D:1      | Noticed a centaur
     8 | D:1      | Noticed a demigod
    10 | D:1      | Noticed a ghoul
    12 | D:1      | Noticed a tengu
    12 | D:1      | Noticed a formicid
    14 | D:1      | Noticed a gargoyle
    14 | D:1      | Noticed a draconian
    16 | D:1      | Noticed a merfolk
    16 | D:1      | Noticed a troll
    18 | D:1      | Noticed a spriggan
    18 | D:1      | Noticed a vine stalker
    22 | D:1      | Noticed a felid
    22 | D:1      | Noticed a halfling
    24 | D:1      | Noticed a human
    24 | D:1      | Noticed a demonspawn
    26 | D:1      | Noticed an ogre
    26 | D:1      | Noticed a dwarf
   139 | D:1      | Reached skill level 1 in Stealth
   139 | D:1      | Reached XP level 2. HP: 6/21 MP: 2/2
   764 | D:2      | Reached XP level 3. HP: 26/26 MP: 3/3
   900 | D:2      | Reached XP level 4. HP: 18/31 MP: 4/4
  1031 | D:2      | Found a stormy altar of Qazlal.
  1496 | D:3      | Noticed Natasha
  1498 | D:3      | Found a burning altar of Makhleb.
  1503 | D:3      | Killed Natasha
  1540 | D:3      | Reached XP level 5. HP: 27/37 MP: 5/5
  1720 | D:3      | Noticed Natasha
  1732 | D:3      | Killed Natasha
  1917 | D:3      | Noticed Natasha
  1926 | D:3      | Killed Natasha
  2061 | D:3      | Reached XP level 6. HP: 42/43 MP: 6/6
  2621 | D:4      | HP: 1/44 [orc wizard/magic dart (7)]
  2639 | D:4      | Slain by an orc wizard

Vault maps used:
D:1:      kb_arrival_jail
D:2:      lemuel_crystal_altar, first_ration
D:3:      lemuel_crystal_altar, uniq_natasha
D:4:      lemuel_round_altar, temple_statues

Skill      XL: |  1  2  3  4  5  6 |
---------------+-------------------+-----
Stealth        | 1 2 3 4 |  4.6
Long Blades    | 3 4 |  4.0
Fighting       | 4 |  4.5
Shields        | 4 |  4.5
Dodging        | |  3.0

Action                   |  1- 3 |  4- 6 || total
-------------------------+-------+-------++-------
Melee: Long sword        |    46 |    96 ||   142
       Constrict         |    14 |    34 ||    48
       Tentacles         |     9 |    21 ||    30
  Use: Scroll            |       |     7 ||     7
       Potion            |       |     1 ||     1
 Stab: Sleeping          |     6 |     4 ||    10
       Distracted        |       |     1 ||     1
  Eat: Chunk             |       |     6 ||     6
Armor: Skin              |     9 |     6 ||    15
Dodge: Dodged            |    18 |    36 ||    54
Block: Shield            |    29 |    49 ||    78
       Rpst.: Long sword |     9 |    12 ||    21

Table legend:
 A = Non-vault XP
 B = Vault XP
 C = Vault XP percentage of total XP
 D = Non-vault monster count
 E = Vault monster count
 F = Vault count percentage of total count
                 A         B        C        D         E       F
            +---------+---------+-------+---------+---------+-------
      Total |     574 |      35 |   5.7 |      70 |       1 |   1.4
            +---------+---------+-------+---------+---------+-------
        D:1 |      31 |       0 |   0.0 |      10 |       0 |   0.0
        D:2 |      60 |       0 |   0.0 |      17 |       0 |   0.0
        D:3 |     203 |      35 |  14.7 |      27 |       1 |   3.6
        D:4 |     280 |       0 |   0.0 |      16 |       0 |   0.0
            +---------+---------+-------+---------+---------+-------
